 Dungeon Crawl Stone Soup version 0.25-a0-294-gea9b1ad378 (webtiles) character file.

Game seed: 11776212586434412335, levelgen mode: deterministic

24 MoonlitKnight the Conjurer (level 2, -4/15 HPs)
             Began as a Deep Elf Conjurer on Dec 18, 2019.
             Slain by a worm (10 damage)
             ... on level 2 of the Dungeon.
             The game lasted 00:02:07 (834 turns).

MoonlitKnight the Conjurer (Deep Elf Conjurer)       Turns: 834, Time: 00:02:08

Health: -4/15      AC:  2    Str:  5    XL:     2   Next: 79%
Magic:  1/8        EV: 13    Int: 19    God:
Gold:   108        SH:  0    Dex: 15    Spells: 4/7 levels left

rFire    . . .     SeeInvis .   a - +0 dagger
rCold    . . .     Gourm    .   (no shield)
rNeg     . . .     Faith    .   g - +0 robe
rPois    .         Spirit   .   (no helmet)
rElec    .         Reflect  .   (no cloak)
rCorr    .         Harm     .   (no gloves)
MR       .....                  (no boots)
Stlth    ++........             (no amulet)
HPRegen  0.05/turn              (no ring)
MPRegen  0.11/turn              (no ring)

@: no status effects
A: no striking features
a: no special abilities


You were on level 2 of the Dungeon.
You were not hungry.

You visited 1 branch of the dungeon, and saw 2 of its levels.

You collected 108 gold pieces.

Inventory:

Hand Weapons
 a - a +0 dagger (weapon)
 b - a +0 hunting sling
Missiles
 e - 6 silver javelins (quivered)
 f - 37 sling bullets
Armour
 g - a +0 robe (worn)
Jewellery
 k - a +1 ring of evasion {unknown}
Scrolls
 d - a scroll of blinking {unknown}
 h - 2 scrolls of identify {unknown}
 j - a scroll of enchant armour {unknown}
Potions
 l - a potion of lignification {unknown}
Comestibles
 c - 4 rations
 i - 7 chunks of flesh


   Skills:
 + Level 2.8 Dodging
 + Level 2.9 Stealth
 + Level 3.3 Spellcasting
 * Level 4.8 Conjurations


You had 4 spell levels left.
You knew the following spells:

 Your Spells              Type           Power        Failure   Level  Hunger
a - Magic Dart            Conj           ###.         1%          1    None
b - Searing Ray           Conj           ###...       3%          2    ##.....

Your spell library contained the following spells:

 Spells                   Type           Power        Failure   Level  Hunger
 Dazzling Flash           Conj/Hex       ##....       16%         3    ###....
 Fulminant Prism          Conj/Hex       ##........   47%         4    ####...
 Iskenderun's Mystic Bla  Conj/Tloc      ##......     47%         4    ####...


Dungeon Overview and Level Annotations

Branches:
Dungeon (2/15)

Altars:


Message History

The worm closely misses you.
You hit the worm.
The worm is heavily wounded.
The worm misses you.
You hit the worm.
The worm is heavily wounded.
You hit the worm.
The worm is heavily wounded.
The worm misses you.
You hit the worm.
The worm is heavily wounded.
You hit the worm but do no damage.
The worm is heavily wounded.
The worm bites you!
Ouch! That really hurt!
You hit the worm.
The worm is heavily wounded.
The worm bites you!
Ouch! That really hurt!
You die...

#.# #.. #######(#
.... ........#
#.#.#
######).###.#.#
#......#.#
##.##.#..#
#...###.#
#.##.#..######..#.
#.....#...@w......
#..###########....
#..# . #..# #..#
.. ##


You could see a worm.

Vanquished Creatures
  An ooze (D:1)
  A dart slug (D:2)
  A leopard gecko (D:1)
  3 goblins
  A kobold (D:1)
  7 bats
  A frilled lizard (D:1)
  3 rats (D:2)
18 creatures vanquished.

Vanquished Creatures (others)
  3 toadstools (D:1)
3 creatures vanquished.

Grand Total: 21 creatures vanquished

Notes
Turn   | Place    | Note
-------+----------+-------------------------------------------
     0 | D:1      | MoonlitKnight the Deep Elf Conjurer began the quest for the
                  | Orb.
     0 | D:1      | Reached XP level 1. HP: 10/10 MP: 6/6
   299 | D:1      | Reached XP level 2. HP: 15/15 MP: 2/8
   637 | D:1      | Learned a level 2 spell: Searing Ray
   834 | D:2      | Slain by a worm

Levels and vault maps discovered:
D:1:      dpeg_arrival_circle_labyrinth_c, layout_rooms,
          minmay_gold_behind_fungi
D:2:      layout_loops_ring, kiku_gazebo_pond_becter,
          chequers_temple_overflow_statue_of_worship, uniq_natasha

Action                   || total
-------------------------++-------
Melee: Dagger            ||    10
 Cast: Magic Dart        ||    27
       Searing Ray       ||     3
Armor: Robe              ||     2
Dodge: Dodged            ||     6

Table legend:
 A = Non-vault XP
 B = Vault XP
 C = Vault XP percentage of total XP
 D = Non-vault monster count
 E = Vault monster count
 F = Vault count percentage of total count
                 A         B        C        D         E       F
            +---------+---------+-------+---------+---------+-------
      Total |      35 |       0 |   0.0 |      18 |       0 |   0.0
            +---------+---------+-------+---------+---------+-------
        D:1 |      24 |       0 |   0.0 |      11 |       0 |   0.0
        D:2 |      11 |       0 |   0.0 |       7 |       0 |   0.0
            +---------+---------+-------+---------+---------+-------
